 Dungeon Crawl Stone Soup version 0.22-a0-247-gbddf880 (webtiles) character file.

2 Amnesiac the Gusty (level 1, -1/10 HPs)
             Began as a Tengu Air Elementalist on Feb 23, 2018.
             Slain by a hobgoblin
             ... wielding a +0 club
              (4 damage)
             ... on level 1 of the Dungeon.
             The game lasted 00:00:45 (31 turns).

Amnesiac the Gusty (Tengu Air Elementalist)           Turns: 31, Time: 00:00:45

Health: -1/10      AC:  2    Str:  8    XL:     1   Next: 40%
Magic:  2/4        EV: 12    Int: 15    God:
Gold:   0          SH:  0    Dex: 14    Spells: 3/4 levels left

rFire    . . .     SeeInvis .   (no weapon)
rCold    . . .     Gourm    .   (no shield)
rNeg     . . .     Faith    .   a - +0 robe
rPois    .         Spirit   .   (helmet restricted)
rElec    .         Reflect  .   (no cloak)
rCorr    .         Harm     .   (no gloves)
MR       .....                  (boots unavailable)
Stlth    ++........             (no amulet)
HPRegen  0.03/turn              (no ring)
MPRegen  0.09/turn              (no ring)

@: very slightly contaminated
A: beak, talons 3
a: no special abilities


You were on level 1 of the Dungeon.
You were not hungry.

You visited 1 branch of the dungeon, and saw 1 of its levels.

Inventory:

Armour
 a - a +0 robe (worn)
Comestibles
 b - a ration


   Skills:
 - Level 2.1 Dodging
 - Level 2.0 Stealth
 - Level 2.0 Spellcasting
 + Level 2.0 Conjurations
 - Level 4.0 Air Magic


You had 3 spell levels left.
You knew the following spells:

 Your Spells              Type           Power        Failure   Level  Hunger
a - Shock                 Conj/Air       ##..         6%          1    #......


Dungeon Overview and Level Annotations

Branches:
Dungeon (1/15)

Altars:


Innate Abilities, Weirdness & Mutations

You have a beak for a mouth.
You have claws for feet.


Message History

There is an open door here.
A rat comes into view.
A rat is nearby!
Found a leather armour.
A leopard gecko comes into view.
A hobgoblin comes into view. It is wielding a club.
The leopard gecko hisses angrily.
Found a ration.
The hobgoblin shouts!
The rat misses you.
You hit the rat but do no damage. The rat closely misses you.
You hit the rat. You claw the rat, but do no damage.
The rat is heavily wounded.
The leopard gecko barely misses you. The rat closely misses you.
A hobgoblin comes into view. It is wielding a club.
You closely miss the leopard gecko. You claw the leopard gecko.
The leopard gecko is moderately wounded.
The leopard gecko bites you.
You closely miss the leopard gecko.
The leopard gecko is moderately wounded.
The leopard gecko bites you but does no damage.
The leopard gecko closely misses you.
Casting: Shock (safe; 8% risk of failure)
Confirm with . or Enter, or press ? or * to list all spells.
Aiming: Shock (safe; 8% risk of failure)
Press: ? - help, Shift-Dir - straight line, f - leopard gecko
Aim: a leopard gecko (moderately wounded, clinging)
The zap misses the leopard gecko.
The zap hits the rat.
You kill the rat!
The zap hits the hobgoblin.
The hobgoblin appears unharmed.
The leopard gecko bites you.
Found 3 scrolls labeled TUVUGO RUFOMO.
The leopard gecko closely misses you.
Casting: Shock (safe; 7% risk of failure)
Confirm with . or Enter, or press ? or * to list all spells.
Aiming: Shock (safe; 7% risk of failure)
Press: ? - help, Shift-Dir - straight line, p - leopard gecko
Okay, then.
Casting: Shock (safe; 7% risk of failure)
Confirm with . or Enter, or press ? or * to list all spells.
Aiming: Shock (safe; 7% risk of failure)
Press: ? - help, Shift-Dir - straight line, p - leopard gecko You miscast Shock.
You are very lightly contaminated with residual magic.
Your skin tingles.
The leopard gecko bites you.
* * * LOW HITPOINT WARNING * * *
Unknown command.
Found a hunting sling.
The leopard gecko barely misses you.
The leopard gecko hisses menacingly.
Casting: Shock (safe; 7% risk of failure)
Confirm with . or Enter, or press ? or * to list all spells.
Aiming: Shock (safe; 7% risk of failure)
Press: ? - help, Shift-Dir - straight line The zap hits the leopard gecko.
The leopard gecko is severely wounded.
The zap hits the leopard gecko.
You kill the leopard gecko!
Your Conjurations skill increases to level 2!
The zap misses the hobgoblin.
The hobgoblin hits you but does no damage.
Unknown command.
You barely miss the hobgoblin. The hobgoblin hits you with a club.
You die...

.......#.####..#
####...#g..#≈..#
##..#.#.....#
##..#.##.♣..'
#.....#≈#...#
#######.....##♣♣..#
#.).†.......# #..#
#...........# #...
#.@g........# #...
#..g.?......# #.#♣
#...........# ##♣
#...........#
#########...# ...#


You could see 2 hobgoblins.

Vanquished Creatures
  A leopard gecko (D:1)
  A rat (D:1)
2 creatures vanquished.

Notes
Turn   | Place    | Note
-------+----------+-------------------------------------------
     0 | D:1      | Amnesiac the Tengu Air Elementalist began the quest for the Orb.
     0 | D:1      | Reached XP level 1. HP: 10/10 MP: 4/4
    31 | D:1      | Slain by a hobgoblin

Vault maps used:
D:1:      saegor_arrival_under_anarchy

Skill      XL: |  1 |
---------------+----+-----
Conjurations   | 2 |  2.0
Dodging        | |  2.1
Stealth        | |  2.0
Spellcasting   | |  2.0
Air Magic      | |  4.0

Action                   || total
-------------------------++-------
Melee: Unarmed           ||     5
       Kick              ||     2
 Cast: Shock             ||     2
Armor: Robe              ||     1
Dodge: Dodged            ||     7

Table legend:
 A = Spawn XP
 B = Non-spawn XP
 C = Spawn XP percentage of total XP
 D = Spawn monster count
 E = Non-spawn monster count
 F = Spawn count percentage of total count
 G = Total turns spent on level
                    A         B        C        D         E        F      G
               +---------+---------+-------+---------+---------+-------+---------
         Total |       0 |       4 |   0.0 |       0 |       2 |   0.0 |    31
               +---------+---------+-------+---------+---------+-------+---------
           D:1 |       0 |       4 |   0.0 |       0 |       2 |   0.0 |    31
               +---------+---------+-------+---------+---------+-------+---------
